 Dungeon Crawl Stone Soup version 0.25-a0-474-ga8a2ee3166 (webtiles) character file.

Game seed: 6207670188209020765, levelgen mode: deterministic

3482 Baz the Destroyer (level 10, 0/58 HPs)
             Began as a Tengu Fire Elementalist on Feb 7, 2020.
             Slain by a wraith (8 damage)
             ... on level 7 of the Dungeon.
             The game lasted 00:28:40 (10113 turns).

Baz the Destroyer (Tengu Fire Elementalist)        Turns: 10113, Time: 00:28:41

Health: 0/58       AC:  7    Str: 10    XL:     10   Next: 7%
Magic:  6/20       EV: 17    Int: 17    God:
Gold:   411        SH:  0    Dex: 15    Spells: 8/21 levels left

rFire    . . .     SeeInvis .   f - +0 dagger (venom)
rCold    + . .     Gourm    .   (no shield)
rNeg     . . .     Faith    .   s - +1 leather armour {rC+}
rPois    .         Spirit   .   (helmet restricted)
rElec    .         Reflect  .   b - +2 cloak
rCorr    .         Harm     .   (no gloves)
MR       .....                  (boots unavailable)
Stlth    ++........             q - amulet of the acrobat
HPRegen  0.19/turn              t - +3 ring of evasion
MPRegen  0.17/turn              (no ring)

@: flying quickly and evasively, slowed, very slow
A: beak, talons 3, able to fly
a: Stop Flying


You were on level 7 of the Dungeon.
You were hungry.

You visited 1 branch of the dungeon, and saw 7 of its levels.
You also visited: Ossuary.

You collected 411 gold pieces.

Inventory:

Hand Weapons
 f - a +0 dagger of venom (weapon)
Armour
 b - a +2 cloak (worn)
 s - a +1 leather armour of cold resistance (worn)
Jewellery
 q - an amulet of the acrobat (around neck)
 t - a +3 ring of evasion (left hand)
Scrolls
 e - a scroll of magic mapping
 g - 6 scrolls of fog
 h - a scroll of amnesia {unknown}
 i - a scroll of immolation
 k - 5 scrolls of teleportation
 l - a scroll of fear
 m - a scroll of remove curse
 p - a scroll of random uselessness {unknown}
 r - 3 scrolls of enchant weapon
 v - a scroll of acquirement {unknown}
 w - a scroll of identify
Potions
 d - a potion of berserk rage
 j - 2 potions of curing
 n - a potion of mutation
 o - a potion of ambrosia
 u - a potion of degeneration {unknown}
 x - 2 potions of flight {unknown}
 z - a potion of cancellation {unknown}
 A - a potion of heal wounds {unknown}
Comestibles
 c - 14 rations


   Skills:
 - Level 4.5 Fighting
 + Level 3.5 Armour
 - Level 2.1 Dodging
 - Level 2.0 Stealth
 + Level 6.1 Spellcasting
 * Level 11.4 Conjurations
 + Level 7.9 Fire Magic


You had 8 spell levels left.
You knew the following spells:

 Your Spells              Type           Power        Failure   Level  Hunger
a - Foxfire               Conj/Fire      ####         1%          1    None
b - Conjure Flame         Conj/Fire      #####...     1%          3    ##.....
c - Sticky Flame          Conj/Fire      #####...     3%          4    ####...
d - Fireball              Conj/Fire      #####.....   9%          5    #####..

Your spell library contained the following spells:

 Spells                   Type           Power        Failure   Level  Hunger
 Inner Flame              Hex/Fire       ###.....     10%         3    ##.....


Dungeon Overview and Level Annotations

Branches:
Dungeon (7/15)            Ossuary (visited)
 Temple: D:4-7

Altars:
Cheibriados
Hepliaklqana
Kikubaaqudgha
Nemelex Xobeh
Okawaru
Ru
Trog
The Shining One

Annotations:
D:5 exclusion: centaur


Innate Abilities, Weirdness & Mutations

You have a beak for a mouth.
You have claws for feet.
You can fly continuously.


Message History

Unknown command.
You feel better. The wraith hits you.
* * * LOW HITPOINT WARNING * * *
The wraith drains your vigour!
You feel as though you will be slow longer.
Unknown command.
Casting: Foxfire (safe; 1% risk of failure)
Confirm with . or Enter, or press ? or * to list all spells.
You conjure some foxfire!
The wraith misses you. The wraith hits you!
* * * LOW HITPOINT WARNING * * *
The wraith drains your vigour!
You feel as though you will be slow longer.
Unknown command.
You feel better.
The foxfire hits the wraith but does no damage.
The wraith is almost destroyed.
The foxfire hits the wraith.
The wraith is almost destroyed.
The wraith hits you!
You die...

#....#..........
#.....#....#..........
#.....#....#..........
#.....#....#.(........
#.....#....#..........
#.....##...##...####..
#.....#...##...####..
#...ยงยง#.........#....
#...@.#.........#....
#...W.#.........#....
#.....#.........#....
#.....#...##...###...
#######....>#...###+#######
#.#.##8.....#..........
#+#+#+#'#'###.....'..........
...........'......#..........
#+#+#+#+#'###.....#..........


You could see a wraith.

Vanquished Creatures
  Eustachio (D:5)
  5 yaks (D:7)
  Edmund (D:4)
  Duvessa (D:4)
  An orc warrior (D:6)
  3 ice beasts
  2 phantoms
  An ogre (D:4)
  A centaur (D:6)
  2 bullfrogs
  Dowan (D:4)
  A scorpion (D:4)
  5 wights (D:5)
  2 crimson imps
  A jelly (D:6)
  A centaur skeleton (D:5)
  6 orc wizards
  4 orc priests (D:5)
  3 hounds
  A human zombie (D:7)
  Jessica (D:2)
  An iguana (D:4)
  7 worker ants
  5 big kobold zombies (Ossuary)
  2 mummies
  6 gnolls (D:4)
  9 river rats (D:5)
  6 adders
  3 shadow imps (D:6)
  2 oozes
  2 worms
  A dart slug (D:1)
  4 leopard geckos
  22 orcs
  4 spectral bats (Ossuary)
  A ball python (D:5)
  3 giant cockroaches
  7 gnoll zombies (Ossuary)
  6 goblins
  4 hobgoblins
  6 kobolds
  11 quokkas
  6 bats
  3 bat simulacra (Ossuary)
  3 frilled lizards
  8 goblin simulacra (Ossuary)
  A goblin skeleton (D:6)
  6 goblin zombies (Ossuary)
  7 hobgoblin zombies
  3 kobold simulacra (Ossuary)
  A kobold skeleton (D:6)
  3 kobold zombies (Ossuary)
  A leopard gecko skeleton (D:4)
  3 orc skeletons (D:6)
  4 orc zombies (Ossuary)
  A quokka skeleton (D:4)
  17 rats
  A rat simulacrum (Ossuary)
  2 spectral goblins (Ossuary)
  3 spectral kobolds (Ossuary)
  A spectral rat (Ossuary)
230 creatures vanquished.

Vanquished Creatures (others)
  522 foxfires
522 creatures vanquished.

Grand Total: 752 creatures vanquished

Notes
Turn   | Place    | Note
-------+----------+-------------------------------------------
     0 | D:1      | Baz the Tengu Fire Elementalist began the quest for the
                  | Orb.
     0 | D:1      | Reached XP level 1. HP: 10/10 MP: 4/4
   339 | D:1      | Reached skill level 2 in Conjurations
   339 | D:1      | Reached XP level 2. HP: 15/15 MP: 1/6
  1025 | D:2      | Reached XP level 3. HP: 14/19 MP: 2/7
  1207 | D:2      | Found a hazy altar of Hepliaklqana.
  1412 | D:2      | Noticed Jessica
  1418 | D:2      | Killed Jessica
  1418 | D:2      | Reached skill level 3 in Conjurations
  1418 | D:2      | Reached XP level 4. HP: 17/24 MP: 6/8
  2409 | D:3      | Found an iron altar of Okawaru.
  2409 | D:3      | Found a bloodstained altar of Trog.
  2485 | D:3      | Learned a level 3 spell: Conjure Flame
  2490 | D:3      | Learned a level 4 spell: Sticky Flame
  2617 | D:3      | Found a sacrificial altar of Ru.
  2742 | D:3      | Reached skill level 4 in Conjurations
  2742 | D:3      | Gained mutation: You can fly continuously. [Tengu growth]
  2742 | D:3      | Reached XP level 5. HP: 23/28 MP: 1/10
  3018 | D:3      | Found a sparkling altar of Nemelex Xobeh.
  3678 | D:4      | Reached skill level 1 in Fighting
  3766 | D:4      | Reached XP level 6. HP: 34/34 MP: 11/11
  4194 | D:4      | Reached skill level 5 in Conjurations
  4400 | D:4      | Reached skill level 5 in Fire Magic
  4549 | D:4      | Noticed Duvessa
  4549 | D:4      | Noticed Dowan
  4549 | D:4      | Noticed a phantom
  4624 | D:4      | Killed Dowan
  4734 | D:4      | Killed a phantom
  4734 | D:4      | Reached skill level 6 in Conjurations
  4734 | D:4      | Reached XP level 7. HP: 40/40 MP: 5/13
  5058 | D:4      | Killed Duvessa
  5268 | D:4      | Reached skill level 7 in Conjurations
  5391 | D:4      | Noticed Edmund
  5456 | D:4      | Killed Edmund
  5456 | D:4      | Reached XP level 8. HP: 21/46 MP: 4/15
  5859 | D:5      | Entered Level 5 of the Dungeon
  5876 | D:5      | Found a snail-covered altar of Cheibriados.
  5916 | D:5      | Learned a level 5 spell: Fireball
  6026 | D:5      | Reached skill level 8 in Conjurations
  6493 | D:5      | Found a sparkling altar of Nemelex Xobeh.
  7062 | D:5      | Reached skill level 9 in Conjurations
  7198 | D:5      | Noticed Eustachio
  7203 | D:5      | Reached XP level 9. HP: 52/52 MP: 7/17
  7213 | D:5      | Killed Eustachio
  7213 | D:5      | Reached skill level 5 in Spellcasting
  7569 | D:6      | Found a glowing golden altar of the Shining One.
  7707 | D:6      | Found a sand-covered staircase.
  7716 | Ossuary  | Entered an ossuary
  8778 | Ossuary  | Reached skill level 1 in Armour
  8918 | D:6      | Reached skill level 10 in Conjurations
  9798 | D:7      | Reached skill level 11 in Conjurations
  9801 | D:7      | Reached XP level 10. HP: 55/58 MP: 5/20
  9972 | D:7      | Found an ancient bone altar of Kikubaaqudgha.
 10113 | D:7      | Slain by a wraith

Levels and vault maps discovered:
D:1:      dpeg_arrival_tiny_k, layout_basic
D:2:      layout_loops_ring, overflow_temple_1_default, first_ration,
          uniq_jessica
D:3:      layout_basic, gammafunk_temple_overflow_elements,
          nicolae_ru_sacrificial_ziggurat, nemelex_dance_club_becter
D:4:      layout_loops_corners, uniq_edmund, uniq_duvessa
D:5:      lemuel_ratsnest, layout_rooms, cheibriados_altar_1, basic_altar,
          uniq_eustachio
D:6:      layout_rooms, nicolae_tso_besieged_by_evil, enter_ossuary_1
D:7:      layout_gridville, lemuel_mausoleum_altar_kikubaaqudgha, temple_hall,
          chequers_arboretum

Skill      XL: |  1  2  3  4  5  6  7  8  9 |
---------------+----------------------------+-----
Conjurations   | 2 3 4 6 7 9 11 | 11.4
Fire Magic     | 4 5 6 7 |  7.9
Fighting       | 1 2 3 4 |  4.5
Spellcasting   | 3 4 6 |  6.1
Armour         | 3 |  3.5
Dodging        | |  2.1
Stealth        | |  2.0

Action                   |  1- 3 |  4- 6 |  7- 9 | 10-12 || total
-------------------------+-------+-------+-------+-------++-------
Melee: Dagger            |    18 |    38 |   240 |    25 ||   321
       Kick              |     3 |     4 |    60 |    11 ||    78
       Peck              |     1 |     6 |    39 |     9 ||    55
       Unarmed           |       |       |    21 |       ||    21
 Cast: Foxfire           |    33 |    73 |   207 |    12 ||   325
       Sticky Flame      |       |     5 |    11 |     3 ||    19
       Conjure Flame     |       |     3 |    12 |       ||    15
       Fireball          |       |       |     3 |       ||     3
 Abil: Fly               |       |       |     1 |       ||     1
  Use: Scroll            |       |     7 |     8 |       ||    15
       Potion            |       |       |       |     3 ||     3
 Stab: Sleeping          |       |     2 |     7 |     1 ||    10
       Distracted        |       |       |     1 |       ||     1
  Eat: Chunk             |     2 |     9 |    15 |     2 ||    28
       Ration            |       |     1 |     1 |       ||     2
Armor: Robe              |     5 |     3 |    11 |       ||    19
       Skin              |       |       |     1 |       ||     1
       Leather armour    |       |       |    36 |     2 ||    38
Dodge: Dodged            |    17 |    54 |   229 |    20 ||   320

Table legend:
 A = Non-vault XP
 B = Vault XP
 C = Vault XP percentage of total XP
 D = Non-vault monster count
 E = Vault monster count
 F = Vault count percentage of total count
                 A         B        C        D         E       F
            +---------+---------+-------+---------+---------+-------
      Total |    3908 |    1067 |  21.4 |     126 |     104 |  45.2
            +---------+---------+-------+---------+---------+-------
        D:1 |      29 |       0 |   0.0 |      16 |       0 |   0.0
        D:2 |      60 |      37 |  38.1 |      17 |       1 |   5.6
        D:3 |      74 |      10 |  11.9 |      11 |       2 |  15.4
        D:4 |     779 |     387 |  33.2 |      28 |       3 |   9.7
        D:5 |    1021 |     351 |  25.6 |      25 |      32 |  56.1
        D:6 |     782 |      18 |   2.2 |      22 |       8 |  26.7
        D:7 |    1163 |      58 |   4.8 |       7 |       2 |  22.2
    Ossuary |       0 |     206 | 100.0 |       0 |      56 | 100.0
            +---------+---------+-------+---------+---------+-------
